 Dungeon Crawl Stone Soup version 0.18.1-48-g4cf74bf (webtiles) character file.

174 Joat the Shield-Bearer (level 5, -1/34 HPs)
             Began as an Octopode Transmuter on Aug 9, 2016.
             Slain by Grinder (5 damage)
             ... on level 3 of the Dungeon.
             The game lasted 00:22:54 (2954 turns).

Joat the Shield-Bearer (Octopode Transmuter)        Turns: 2954, Time: 00:22:56

Health: -1/34      AC:  1    Str: 11    XL:     5   Next: 54%
Magic:  6/8        EV: 12    Int: 15    God:
Gold:   126        SH:  5    Dex: 12    Spells: 2 memorised, 5 levels left

rFire  . . .     SeeInvis .       - Unarmed
rCold  . . .     Gourm    .     e - +0 buckler
rNeg   . . .     Faith    .     (helmet restricted)
rPois  .         Spirit   .     (no amulet)
rElec  .         Dismiss  .     (no ring)
rCorr  .         Reflect  .     (no ring)
SustAt .         Harm     .     (no ring)
MR     .....                    (no ring)
Stlth  ++........               (no ring)
                                (no ring)
                                (no ring)
                                (no ring)

@: appendage (expiring), very slightly contaminated, not resistant to hostile
enchantments, unstealthy
A: almost no armour, amphibious, 8 rings, constrict 8, tentacle spike 3,
camouflage 1, gelatinous body 1
a: End Transformation


You were on level 3 of the Dungeon.
You were not hungry.
One of your tentacles had a temporary spike.
You visited 1 branch of the dungeon, and saw 3 of its levels.

You collected 126 gold pieces.

Inventory:

Missiles
 a - 25 arrows
Armour
 e - a +0 buckler (worn)
Wands
 u - a wand of lightning (5/15)
Scrolls
 g - 2 scrolls of amnesia {unknown}
 j - a scroll of fog {unknown}
 k - a scroll of remove curse {unknown}
 n - a scroll of random uselessness {unknown}
 p - a scroll of identify {unknown}
 s - a scroll of teleportation {unknown}
 t - a scroll of enchant weapon {unknown}
Potions
 f - a potion of degeneration {unknown}
 h - 2 potions of curing {unknown}
 i - a potion of might {unknown}
 m - a potion of mutation {unknown}
 v - a potion of cure mutation {unknown}
Books
 b - a book of Changes

   Spells                             Type                      Level
   a - Beastly Appendage              Transmutation                1
   b - Sticks to Snakes               Transmutation                2
   c - Spider Form                    Transmutation/Poison         3
   d - Ice Form                       Ice/Transmutation            4
   e - Blade Hands                    Transmutation                5
 r - a book of Necromancy

   Spells                             Type                      Level
   a - Pain                           Necromancy                   1
   b - Animate Skeleton               Necromancy                   1
   c - Vampiric Draining              Necromancy                   3
   d - Regeneration                   Charms/Necromancy            3
   e - Animate Dead                   Necromancy                   4
   f - Control Undead                 Necromancy                   4
Comestibles
 c - 3 bread rations
 d - 2 chunks of flesh
 l - 3 fruits
 o - a meat ration
 q - 3 beef jerkies


   Skills:
 + Level 2.0 Fighting
 + Level 2.4 Dodging
 * Level 3.9 Shields
 + Level 3.3 Unarmed Combat
 + Level 2.2 Spellcasting
 + Level 2.1 Transmutations


You had 5 spell levels left.
You knew the following spells:

 Your Spells              Type           Power        Failure   Level  Hunger
a - Beastly Appendage     Trmt           #.....       12%         1    #......
b - Sticks to Snakes      Trmt           #.......     14%         2    ###....


Dungeon Overview and Level Annotations

Branches:
Dungeon (3/15)

Altars:
Dithmenos
Pakellas
The Shining One

Annotations:
D:3 Grinder


Innate Abilities, Weirdness & Mutations

You cannot wear most types of armour.
You are amphibious.
You can wear up to eight rings at the same time.
You can use your tentacles to constrict eight enemies at once.
Your skin changes colour to match your surroundings (Stealth).
Your rubbery body absorbs attacks (AC +1).
One of your tentacles bears a large vicious spike.


Message History

You are very lightly contaminated with residual magic.
Nothing appears to happen.
You constrict the bat.
You kill the bat!
Casting: Beastly Appendage
Confirm with . or Enter, or press ? or * to list all spells.
One of your tentacles grows a vicious spike.
You barely miss something. You squeeze something. Something hits you.
You writhe in agony.
You closely miss something.
You pierce something.
Something hits you!
You closely miss something.
Your transformation is almost over.
Something tries to affect you, but you resist.
You tentacle-slap something but do no damage.
Something barely misses you.
You barely miss something.
Your tentacle spike misses something.
Something hits you.
You writhe in agony.
You tentacle-slap something.
You pierce something.
Something hits you!
* * * LOW HITPOINT WARNING * * *
You writhe in agony.
You die...

..........................
..........................
..........# #.............
...[...>..###.............
..........................
.......รท..................
.............#.#.#.######
.............# #.#.# ###
####.........#+#@#[# #.#
####....<........#.# #.#
.................#.###.####
..[...................>...#
..........#........######.#
..........#........# #.#
...........###.#...# #.#
#........#.# #.#...# #.#
.........#.###.#...# #.#


There were no monsters in sight!

Vanquished Creatures
  A hound skeleton (D:3)
  Robin (D:2)
  5 adders
  2 oozes
  3 worms (D:2)
  2 dart slugs (D:1)
  A giant gecko (D:3)
  4 orcs (D:3)
  2 giant cockroaches
  15 goblins
  11 hobgoblins
  8 kobolds
  A quokka (D:2)
  9 bats
  2 giant newts
  7 rats
74 creatures vanquished.

Notes
Turn   | Place    | Note
--------------------------------------------------------------
     0 | D:1      | Joat the Octopode Transmuter began the quest for the Orb.
     0 | D:1      | Reached XP level 1. HP: 13/13 MP: 3/3
   113 | D:1      | Reached skill level 1 in Shields
   137 | D:1      | Reached XP level 2. HP: 17/18 MP: 5/5
   396 | D:1      | You fall through a shaft!
   463 | D:2      | Reached XP level 3. HP: 20/23 MP: 4/6
   467 | D:2      | Found a glowing golden altar of the Shining One.
  1090 | D:2      | Reached XP level 4. HP: 24/28 MP: 7/7
  1189 | D:2      | Learned a level 2 spell: Sticks to Snakes
  1264 | D:2      | Found an oddly glowing altar of Pakellas.
  1265 | D:2      | Noticed Robin
  1273 | D:2      | Killed Robin
  1410 | D:2      | Found a shadowy altar of Dithmenos.
  1863 | D:3      | Reached XP level 5. HP: 22/34 MP: 8/8
  2937 | D:3      | Noticed Grinder
  2954 | D:3      | Slain by Grinder

Skill      XL: |  1  2  3  4  5 |
---------------+----------------+-----
Shields        | 1 2 3 |  3.9
Fighting       | 2 |  2.0
Dodging        | |  2.4
Unarmed Combat | |  3.3
Spellcasting   | |  2.2
Transmutations | |  2.1

Action                   |  1- 3 |  4- 6 || total
-------------------------+-------+-------++-------
Melee: Unarmed           |    69 |   118 ||   187
       Constrict         |    16 |    31 ||    47
       Tentacles         |    12 |    26 ||    38
       Kick              |     1 |    16 ||    17
 Cast: Beastly Appendage |     4 |    12 ||    16
 Stab: Sleeping          |     7 |     4 ||    11
  Eat: Chunk             |     1 |     6 ||     7
Armor: Skin              |     5 |     9 ||    14
Dodge: Dodged            |    29 |    53 ||    82
Block: Buckler           |     9 |    17 ||    26
